Sharks vs Blue Jackets
Created - March 8, 2019 at 20:33
Goals
|
Sharks |
0 |
1 |
0 |
0 |
2 |
2 |
Blue Jackets |
0 |
1 |
0 |
0 |
0 |
1 |
|
Shots
|
Sharks |
14 |
11 |
11 |
2 |
3 |
38 |
Blue Jackets |
4 |
17 |
7 |
1 |
2 |
29 |
|
1st period
No Goal
Penalties :
Rostislav Olesz (Clb) for Tripping (Minor) at 4:10, Andreas Nodl (Clb) for Tripping (Minor) at 10:24, Peter Mueller (Clb) for Holding Stick (Minor) at 16:23
2nd period
1. Blue Jackets , Martin Havlat 27 (Pavel Datsyuk 50) at 4:28
2. Sharks , Jiri Tlusty 6 (Nate Prosser 11, Andrej Sekera 14) at 6:48
Penalties :
Nate Prosser (SJS) for Tripping (Minor) at 7:17, Pavel Datsyuk (Clb) for Hooking (Minor) at 15:01, A.J Thelen (Clb) for Roughing (Minor) at 19:33
3rd period
No Goal
Penalties :
A.J Thelen (Clb) for Boarding (Minor) at 2:06, Stefan Ruzicka (SJS) for Holding (Minor) at 17:49
Overtime #1
No Goal
Penalties :
No Penalty
Shootout
Sharks, Jason Spezza - Stopped by Rick DiPietro
Blue Jackets, Pavel Datsyuk - Shot Misses the Net
Sharks, Milan Michalek - Goal!
Blue Jackets, Martin Havlat - Shot Misses the Net
Sharks, Luke Adam - Goal!
Penalties :
No Penalty
Goalie Stats
Tyler Weiman (SJS), 28 saves from 29 shots - (0.966), W, 19-17-8, 65:00 minutes
Rick DiPietro (Clb), 37 saves from 38 shots - (0.974), OTL, 29-20-7, 65:00 minutes
Players Stats for Sharks
Player Name G A P +/- PIM S H SB GA TA FO MP PP MP PK MP
------------------------------------------------------------------------------------
Adam Larsson 0 0 0 0 0 1 1 0 0 1 0/0 14:16 0:26 2:04
Andrej Sekera 0 1 1 1 0 2 1 1 0 0 0/0 25:49 4:53 2:34
Andrew MacDonald 0 0 0 0 0 0 0 0 0 1 0/0 9:02 3:54 0:00
Darren Helm 0 0 0 0 0 0 1 0 0 0 0/0 9:39 0:00 0:13
Drew Doughty 0 0 0 -1 0 9 2 3 2 2 0/0 31:28 7:45 1:28
Jason Spezza 0 0 0 1 0 3 2 0 1 1 18/29 23:43 6:13 1:54
Jiri Hudler 0 0 0 -1 0 2 0 0 0 0 0/0 18:23 5:07 0:43
Jiri Tlusty 1 0 1 1 0 3 1 1 1 0 0/2 13:13 0:00 0:00
Jordan LaVallee 0 0 0 0 0 0 2 0 0 0 0/0 10:09 0:00 0:49
Luke Adam 0 0 0 -1 0 1 2 0 0 0 2/13 19:07 6:13 0:00
Maxim Kondratiev 0 0 0 -1 0 0 2 0 0 1 0/0 24:55 3:07 0:35
Milan Michalek 0 0 0 1 0 4 4 0 0 0 1/2 23:47 6:13 1:54
Nate Prosser 0 1 1 1 2 2 1 0 1 1 0/0 22:54 3:43 1:15
Nikolai Kulemin 0 0 0 -1 0 2 4 0 2 0 0/2 17:26 5:04 0:32
Oskar Osala 0 0 0 0 0 2 0 0 0 0 0/1 11:49 0:37 0:00
Rob Schremp 0 0 0 0 0 1 1 0 0 0 3/5 12:37 0:34 0:32
Stefan Ruzicka 0 0 0 0 2 2 1 0 0 0 0/0 11:43 0:21 0:36
T.J. Hensick 0 0 0 0 0 4 2 0 0 0 5/7 16:00 5:20 0:43
Players Stats for Blue Jackets
Player Name G A P +/- PIM S H SB GA TA FO MP PP MP PK MP
------------------------------------------------------------------------------------
A.J Thelen 0 0 0 -1 4 0 0 0 0 0 0/0 12:16 0:00 0:00
Andreas Nodl 0 0 0 0 2 2 2 0 1 0 0/0 14:26 1:45 0:00
Branislav Mezei 0 0 0 0 0 1 2 1 0 2 0/0 22:45 1:34 5:04
Brenden Morrow 0 0 0 0 0 0 2 0 0 1 0/0 20:02 1:44 4:31
Dennis Wideman 0 0 0 1 0 3 0 0 1 2 0/0 30:04 2:24 6:50
Kevin Porter 0 0 0 0 0 0 2 0 0 0 1/2 8:46 0:00 1:04
Kurtis Foster 0 0 0 0 0 1 2 0 0 1 0/0 22:45 1:34 5:04
Martin Havlat 1 0 1 0 0 2 2 0 0 0 1/2 23:50 1:59 6:43
Max Pacioretty 0 0 0 0 0 2 0 0 0 1 3/4 18:54 1:59 3:23
Mike Comrie 0 0 0 0 0 2 3 0 1 0 4/12 14:33 1:47 0:07
Mike Lundin 0 0 0 1 0 2 0 2 0 0 0/0 30:04 2:24 6:50
Mike York 0 0 0 0 0 0 1 0 0 0 0/0 8:10 0:00 0:25
Patrick O'Sullivan 0 0 0 0 0 0 0 0 0 0 1/1 4:47 0:51 0:00
Pavel Datsyuk 0 1 1 0 2 5 4 0 2 0 15/30 28:15 1:22 5:17
Peter Mueller 0 0 0 0 2 3 1 0 2 0 3/6 12:01 0:15 0:00
Rostislav Olesz 0 0 0 0 2 4 0 0 0 0 1/1 13:16 0:00 2:18
Ryan Wilson 0 0 0 -1 0 0 0 0 0 0 0/0 12:11 0:00 0:00
Tyler Kennedy 0 0 0 0 0 2 0 0 0 0 3/3 10:55 0:12 0:00
3 Stars
1 - Rick DiPietro (Clb)
2 - Tyler Weiman (SJS)
3 - Jiri Tlusty (SJS)
Power Play
Sharks - 0 on 6 Attempt(s) - 0.00%
Blue Jackets - 0 on 2 Attempt(s) - 0.00%
Penalty Kill
Sharks - 2 on 2 Attempt(s) - 100.00%
- Score 0 goal in Penalty Kill
Blue Jackets - 6 on 6 Attempt(s) - 100.00%
- Score 0 goal in Penalty Kill
Team Stat
Sharks - Hits : 27 - Faceoff Wins : 29 - Blocked Shots : 5 - Penalty Minutes : 4
Blue Jackets - Hits : 21 - Faceoff Wins : 32 - Blocked Shots : 3 - Penalty Minutes : 12
Official
Referees : Unknown
Linesman : Unknown
Game Notes
Andrew MacDonald is injured at 0:14 of 2nd period (Separated Left Shoulder)
Finance
Level 1 -- Attendance: 4652 (77.53%) -- Ticket Income $441,940
Level 2 -- Attendance: 3906 (78.12%) -- Ticket Income $234,360
Level 3 -- Attendance: 1908 (95.40%) -- Ticket Income $66,780
Level 4 -- Attendance: 3502 (87.55%) -- Ticket Income $87,550
Luxury Box -- Attendance: 692 (69.20%) -- Ticket Income $131,480
Game was played at the Ohio State Arena.
Total Attendance: 14660 (81.44%)
Total Ticket Income: $962,110
Other Income: $144,316
Total Income: $1,106,426
Sharks
5 vs 5 Forward
Center Left Wing Right Wing Time % Phy DF OF
1 Jason Spezza Milan Michalek Jiri Tlusty 40 1 1 3
2 Luke Adam Nikolai Kulemin Jiri Hudler 30 1 2 2
3 Rob Schremp Oskar Osala Stefan Ruzicka 20 1 2 2
4 T.J. Hensick Jordan LaVallee Darren Helm 10 1 2 2
5 vs 5 Defense
Defense Defense Time % Phy DF OF
1 Drew Doughty Andrew MacDonald 40 1 2 2
2 Andrej Sekera Nate Prosser 30 1 2 2
3 Maxim Kondratiev Adam Larsson 20 1 2 2
4 Drew Doughty Andrew MacDonald 10 1 2 2
PowerPlay Forward
Center Left Wing Right Wing Time % Phy DF OF
1 Jason Spezza Milan Michalek Luke Adam 60 1 1 3
2 T.J. Hensick Nikolai Kulemin Jiri Hudler 40 1 1 3
PowerPlay Defense
Defense Defense Time % Phy DF OF
1 Drew Doughty Andrew MacDonald 60 1 2 2
2 Andrej Sekera Nate Prosser 40 1 2 2
Penalty Kill 4 Players Forward
Center Wing Time % Phy DF OF
1 Jason Spezza Milan Michalek 60 1 4 0
2 T.J. Hensick Jiri Hudler 40 1 4 0
Penalty Kill 4 Players Defense
Defense Defense Time % Phy DF OF
1 Drew Doughty Andrej Sekera 60 1 4 0
2 Andrew MacDonald Nate Prosser 40 1 4 0
Penalty Kill - 3 Players Forward
Forward Time % Phy DF OF
1 Rob Schremp 60 1 4 0
2 Milan Michalek 40 1 4 0
Penalty Kill - 3 Players Defense
Defense Defense Time % Phy DF OF
1 Drew Doughty Andrej Sekera 60 1 4 0
2 Andrew MacDonald Nate Prosser 40 1 4 0
4 vs 4 Forward
Center Wing Time % Phy DF OF
1 Jason Spezza Milan Michalek 60 1 2 2
2 Luke Adam T.J. Hensick 40 1 2 2
4 vs 4 Defense
Defense Defense Time % Phy DF OF
1 Drew Doughty Andrej Sekera 60 1 2 2
2 Andrew MacDonald Nate Prosser 40 1 2 2
Last Minutes Offensive
Center Left Wing Right Wing Defense Defense
Jason Spezza Milan Michalek Luke Adam Drew Doughty Andrew MacDonald
Last Minutes Defensive
Center Left Wing Right Wing Defense Defense
Jason Spezza Milan Michalek Jiri Hudler Drew Doughty Andrej Sekera
Goaltenders
Starting : Tyler Weiman
Backup : Brent Krahn
Extra Forwards
Normal : Oskar Osala, Rob Schremp, Stefan Ruzicka - PP : Oskar Osala, Rob Schremp - PK : Stefan Ruzicka
Extra Defensemen
Normal : Maxim Kondratiev, Adam Larsson, Andrew MacDonald - PP : Maxim Kondratiev - PK : Adam Larsson, Andrew MacDonald
Penalty Shots
Jason Spezza, Milan Michalek, Luke Adam, T.J. Hensick, Jiri Hudler
Scratches
Ben Lovejoy (Healthy), Mark Giordano (Healthy), Maxim Afinogenov (Suspend), Bobby Butler (Healthy), Brendon Nash (Healthy)
Zach Boychuk (Healthy)
Blue Jackets
5 vs 5 Forward
Center Left Wing Right Wing Time % Phy DF OF
1 Pavel Datsyuk Max Pacioretty Martin Havlat 40 1 2 2
2 Mike Comrie Brenden Morrow Andreas Nodl 30 1 2 2
3 Peter Mueller Rostislav Olesz Tyler Kennedy 20 1 2 2
4 Kevin Porter Mike York Pavel Datsyuk 10 1 2 2
5 vs 5 Defense
Defense Defense Time % Phy DF OF
1 Mike Lundin Dennis Wideman 40 1 2 2
2 Kurtis Foster Branislav Mezei 30 1 2 2
3 Ryan Wilson A.J Thelen 20 1 2 2
4 Mike Lundin Dennis Wideman 10 1 2 2
PowerPlay Forward
Center Left Wing Right Wing Time % Phy DF OF
1 Pavel Datsyuk Max Pacioretty Martin Havlat 60 1 2 2
2 Mike Comrie Brenden Morrow Andreas Nodl 40 1 2 2
PowerPlay Defense
Defense Defense Time % Phy DF OF
1 Mike Lundin Dennis Wideman 60 1 2 2
2 Kurtis Foster Branislav Mezei 40 1 2 2
Penalty Kill 4 Players Forward
Center Wing Time % Phy DF OF
1 Pavel Datsyuk Martin Havlat 60 1 2 2
2 Max Pacioretty Brenden Morrow 40 1 2 2
Penalty Kill 4 Players Defense
Defense Defense Time % Phy DF OF
1 Mike Lundin Dennis Wideman 60 1 2 2
2 Kurtis Foster Branislav Mezei 40 1 2 2
Penalty Kill - 3 Players Forward
Forward Time % Phy DF OF
1 Pavel Datsyuk 60 1 2 2
2 Martin Havlat 40 1 2 2
Penalty Kill - 3 Players Defense
Defense Defense Time % Phy DF OF
1 Mike Lundin Dennis Wideman 60 1 2 2
2 Kurtis Foster Branislav Mezei 40 1 2 2
4 vs 4 Forward
Center Wing Time % Phy DF OF
1 Pavel Datsyuk Martin Havlat 60 1 2 2
2 Max Pacioretty Brenden Morrow 40 1 2 2
4 vs 4 Defense
Defense Defense Time % Phy DF OF
1 Mike Lundin Dennis Wideman 60 1 2 2
2 Kurtis Foster Branislav Mezei 40 1 2 2
Last Minutes Offensive
Center Left Wing Right Wing Defense Defense
Pavel Datsyuk Max Pacioretty Martin Havlat Mike Lundin Dennis Wideman
Last Minutes Defensive
Center Left Wing Right Wing Defense Defense
Pavel Datsyuk Max Pacioretty Martin Havlat Mike Lundin Dennis Wideman
Goaltenders
Starting : Rick DiPietro
Backup : Marek Schwarz
Extra Forwards
Normal : Patrick O'Sullivan, Peter Mueller, Rostislav Olesz - PP : Patrick O'Sullivan, Peter Mueller - PK : Rostislav Olesz
Extra Defensemen
Normal : Ryan Wilson, A.J Thelen, Kurtis Foster - PP : Ryan Wilson - PK : A.J Thelen, Kurtis Foster
Penalty Shots
Pavel Datsyuk, Martin Havlat, Max Pacioretty, Brenden Morrow, Mike Comrie
Scratches
Andrew Gordon (Healthy), Devin Setoguchi (Healthy), Cam Fowler (Left Leg Injury)
% Time on Ice - Sharks
Lines # - Real PCT - Wanted PCT - Time Play
Normal Forward
1 - 32% - 40% - 14:01
2 - 27% - 30% - 11:50
3 - 21% - 20% - 9:28
4 - 20% - 10% - 8:49
Normal Defense
1 - 46% - 40% - 20:20
2 - 32% - 30% - 14:19
3 - 16% - 20% - 7:02
4 - 6% - 10% - 2:27
PP Forward
1 - 55% - 60% - 6:34
2 - 45% - 40% - 5:20
PP Defense
1 - 69% - 60% - 8:11
2 - 31% - 40% - 3:43
PK Forward
1 - 82% - 60% - 3:15
2 - 18% - 40% - 0:43
PK Defense
1 - 37% - 60% - 1:28
2 - 63% - 40% - 2:30
PK3 Forward
1 - 0% - 60%
2 - 0% - 40%
PK3 Defense
1 - 0% - 60%
2 - 0% - 40%
44 Forward
1 - 75% - 60% - 3:46
2 - 25% - 40% - 1:14
44 Defense
1 - 50% - 60% - 2:29
2 - 50% - 40% - 2:31
Last Minute Offensive - 0:00
Last Minute Defensive - 0:00
Total
Forward - 65:00
Defense - 65:00
|
% Time on Ice - Blue Jackets
Lines # - Real PCT - Wanted PCT - Time Play
Normal Forward
1 - 31% - 40% - 13:28
2 - 29% - 30% - 12:42
3 - 23% - 20% - 10:17
4 - 17% - 10% - 7:41
Normal Defense
1 - 37% - 40% - 16:20
2 - 31% - 30% - 13:44
3 - 28% - 20% - 12:11
4 - 4% - 10% - 1:53
PP Forward
1 - 54% - 60% - 2:08
2 - 46% - 40% - 1:50
PP Defense
1 - 61% - 60% - 2:24
2 - 39% - 40% - 1:34
PK Forward
1 - 72% - 60% - 8:31
2 - 28% - 40% - 3:23
PK Defense
1 - 57% - 60% - 6:50
2 - 43% - 40% - 5:04
PK3 Forward
1 - 0% - 60%
2 - 0% - 40%
PK3 Defense
1 - 0% - 60%
2 - 0% - 40%
44 Forward
1 - 75% - 60% - 3:45
2 - 25% - 40% - 1:15
44 Defense
1 - 52% - 60% - 2:37
2 - 48% - 40% - 2:23
Last Minute Offensive - 0:00
Last Minute Defensive - 0:00
Total
Forward - 65:00
Defense - 65:00
|
Play-by-Play
1st period
0:01 of 1st period - Max Pacioretty wins face-off versus Jiri Tlusty in neutral zone.
0:14 of 1st period - Slapshot by Pavel Datsyuk.
0:14 of 1st period - Stopped by Tyler Weiman with a rebound.
1:17 of 1st period - Nate Prosser is hit by Kevin Porter.
2:00 of 1st period - Ryan Wilson is hit by Rob Schremp and loses puck.
2:17 of 1st period - Wrist shot by Pavel Datsyuk.
2:17 of 1st period - Stopped by Tyler Weiman with a rebound.
2:25 of 1st period - Slapshot by Mike York.
2:25 of 1st period - Shot Misses the Net.
2:45 of 1st period - Snap shot by Oskar Osala.
2:45 of 1st period - Stopped by Rick DiPietro without a rebound.
2:46 of 1st period - Jason Spezza wins face-off versus Mike Comrie in Blue Jackets zone.
2:47 of 1st period - Slapshot by Drew Doughty.
2:47 of 1st period - Shot Misses the Net.
2:49 of 1st period - Slapshot by Drew Doughty.
2:49 of 1st period - Shot Misses the Net.
3:17 of 1st period - Wrist shot by Rostislav Olesz.
3:17 of 1st period - Shot Misses the Net.
3:54 of 1st period - Slapshot by Drew Doughty.
3:54 of 1st period - Stopped by Rick DiPietro without a rebound.
3:55 of 1st period - Luke Adam wins face-off versus Mike Comrie in Blue Jackets zone.
4:06 of 1st period - Slapshot by Nikolai Kulemin.
4:06 of 1st period - Stopped by Rick DiPietro without a rebound.
4:07 of 1st period - Tyler Kennedy wins face-off versus Luke Adam in Blue Jackets zone.
4:07 of 1st period - Tyler Kennedy is hit by Maxim Kondratiev.
4:10 of 1st period - Minor Penalty to Rostislav Olesz for Tripping.
4:11 of 1st period - T.J. Hensick wins face-off versus Pavel Datsyuk in Blue Jackets zone.
4:27 of 1st period - Snap shot by T.J. Hensick.
4:27 of 1st period - Stopped by Rick DiPietro without a rebound.
4:28 of 1st period - Milan Michalek wins face-off versus Pavel Datsyuk in Blue Jackets zone.
4:37 of 1st period - Slapshot by Drew Doughty.
4:37 of 1st period - Stopped by Rick DiPietro with a rebound.
4:39 of 1st period - Snap shot by Milan Michalek.
4:39 of 1st period - Stopped by Rick DiPietro without a rebound.
4:40 of 1st period - Pavel Datsyuk wins face-off versus Jason Spezza in Blue Jackets zone.
4:51 of 1st period - Wrist shot by Drew Doughty.
4:51 of 1st period - Deflect By Luke Adam.
4:51 of 1st period - Shot Blocked by Mike Lundin.
4:51 of 1st period - Puck is out of play.
4:52 of 1st period - Jason Spezza wins face-off versus Martin Havlat in Blue Jackets zone.
4:53 of 1st period - Slapshot by Drew Doughty.
4:53 of 1st period - Stopped by Rick DiPietro with a rebound.
5:22 of 1st period - Snap shot by Drew Doughty.
5:22 of 1st period - Deflect By T.J. Hensick.
5:22 of 1st period - Shot Misses the Net.
5:22 of 1st period - Puck is out of play.
5:23 of 1st period - T.J. Hensick wins face-off versus Pavel Datsyuk in Blue Jackets zone.
5:36 of 1st period - Wrist shot by T.J. Hensick.
5:36 of 1st period - Deflect By Nikolai Kulemin.
5:36 of 1st period - Stopped by Rick DiPietro without a rebound.
5:37 of 1st period - Jason Spezza wins face-off versus Pavel Datsyuk in Blue Jackets zone.
5:38 of 1st period - Slapshot by Drew Doughty.
5:38 of 1st period - Stopped by Rick DiPietro with a rebound.
5:48 of 1st period - Wrist shot by Brenden Morrow.
5:48 of 1st period - Shot Misses the Net.
5:50 of 1st period - Snap shot by Dennis Wideman.
5:50 of 1st period - Stopped by Tyler Weiman with a rebound.
5:52 of 1st period - Slapshot by Dennis Wideman.
5:52 of 1st period - Shot Misses the Net.
6:10 of 1st period - Penalty to Rostislav Olesz is over, Rostislav Olesz is back on ice.
6:52 of 1st period - Andreas Nodl is hit by Maxim Kondratiev and loses puck.
6:59 of 1st period - Snap shot by Rob Schremp.
6:59 of 1st period - Stopped by Rick DiPietro without a rebound.
7:00 of 1st period - Pavel Datsyuk wins face-off versus Luke Adam in Blue Jackets zone.
7:27 of 1st period - Dennis Wideman is hit by Jason Spezza and loses puck.
7:35 of 1st period - Icing by Peter Mueller.
7:36 of 1st period - Peter Mueller wins face-off versus Luke Adam in Blue Jackets zone.
8:12 of 1st period - Off-side.
8:13 of 1st period - Jason Spezza wins face-off versus Pavel Datsyuk in neutral zone.
9:36 of 1st period - Slapshot by Pavel Datsyuk.
9:36 of 1st period - Stopped by Tyler Weiman without a rebound.
9:37 of 1st period - Mike Comrie wins face-off versus Luke Adam in Sharks zone.
10:24 of 1st period - Minor Penalty to Andreas Nodl for Tripping.
10:25 of 1st period - Pavel Datsyuk wins face-off versus T.J. Hensick in Blue Jackets zone.
12:14 of 1st period - Kurtis Foster is hit by Drew Doughty and loses puck.
12:24 of 1st period - Penalty to Andreas Nodl is over, Andreas Nodl is back on ice.
13:18 of 1st period - Milan Michalek is hit by Pavel Datsyuk and loses puck.
15:38 of 1st period - Martin Havlat is hit by Stefan Ruzicka.
16:04 of 1st period - Kurtis Foster is hit by Drew Doughty and loses puck.
16:23 of 1st period - Minor Penalty to Peter Mueller for Holding Stick.
16:24 of 1st period - Pavel Datsyuk wins face-off versus Jason Spezza in Blue Jackets zone.
16:32 of 1st period - Kurtis Foster is hit by Milan Michalek.
17:20 of 1st period - Dennis Wideman is hit by Milan Michalek and loses puck.
17:49 of 1st period - Nate Prosser is hit by Kurtis Foster and loses puck.
18:09 of 1st period - Icing by T.J. Hensick.
18:10 of 1st period - Pavel Datsyuk wins face-off versus T.J. Hensick in Sharks zone.
18:23 of 1st period - Penalty to Peter Mueller is over, Peter Mueller is back on ice.
18:41 of 1st period - Snap shot by Oskar Osala.
18:41 of 1st period - Stopped by Rick DiPietro without a rebound.
18:42 of 1st period - Rob Schremp wins face-off versus Mike Comrie in Blue Jackets zone.
19:11 of 1st period - Snap shot by Luke Adam.
19:11 of 1st period - Stopped by Rick DiPietro without a rebound.
19:12 of 1st period - Pavel Datsyuk wins face-off versus Luke Adam in Blue Jackets zone.
19:12 of 1st period - Pavel Datsyuk is hit by Luke Adam.
19:18 of 1st period - Snap shot by Martin Havlat.
19:18 of 1st period - Shot Hit the Post.
19:37 of 1st period - Wrist shot by Jiri Hudler.
19:37 of 1st period - Stopped by Rick DiPietro with a rebound.
19:39 of 1st period - Slapshot by Nate Prosser.
19:39 of 1st period - Stopped by Rick DiPietro with a rebound.
Goals for this period are 0 for Sharks vs 0 for Blue Jackets.
Shots for this period are 14 for Sharks vs 4 for Blue Jackets.
2nd period
0:01 of 2nd period - Pavel Datsyuk wins face-off versus Jason Spezza in neutral zone.
0:06 of 2nd period - Snap shot by Martin Havlat.
0:06 of 2nd period - Stopped by Tyler Weiman with a rebound.
0:13 of 2nd period - Andrew MacDonald is hit by Martin Havlat and loses puck.
0:14 of 2nd period - Andrew MacDonald from Sharks is injured at 0:14 of 2nd period (Separated Left Shoulder).
0:15 of 2nd period - Jason Spezza wins face-off versus Max Pacioretty in Blue Jackets zone.
1:51 of 2nd period - Wrist shot by Stefan Ruzicka.
1:51 of 2nd period - Stopped by Rick DiPietro with a rebound.
2:03 of 2nd period - Snap shot by Tyler Kennedy.
2:03 of 2nd period - Shot Blocked by Drew Doughty.
2:05 of 2nd period - Snap shot by A.J Thelen.
2:05 of 2nd period - Shot Misses the Net.
2:07 of 2nd period - Wrist shot by Tyler Kennedy.
2:07 of 2nd period - Shot Blocked by Drew Doughty.
2:09 of 2nd period - Wrist shot by Peter Mueller.
2:09 of 2nd period - Stopped by Tyler Weiman with a rebound.
2:23 of 2nd period - Dennis Wideman is hit by T.J. Hensick.
2:41 of 2nd period - Maxim Kondratiev is hit by Martin Havlat and loses puck.
3:01 of 2nd period - Slapshot by Milan Michalek.
3:01 of 2nd period - Stopped by Rick DiPietro without a rebound.
3:02 of 2nd period - Mike Comrie wins face-off versus Jason Spezza in Blue Jackets zone.
3:11 of 2nd period - Wrist shot by Mike Comrie.
3:11 of 2nd period - Shot Misses the Net.
3:18 of 2nd period - Off-side.
3:19 of 2nd period - Pavel Datsyuk wins face-off versus Luke Adam in neutral zone.
3:51 of 2nd period - Backhand shot by Kurtis Foster.
3:51 of 2nd period - Stopped by Tyler Weiman without a rebound.
3:52 of 2nd period - Jason Spezza wins face-off versus Mike Comrie in Sharks zone.
3:52 of 2nd period - Jason Spezza is hit by Andreas Nodl.
4:07 of 2nd period - Off-side.
4:08 of 2nd period - Pavel Datsyuk wins face-off versus Luke Adam in neutral zone.
4:22 of 2nd period - Icing by Maxim Kondratiev.
4:23 of 2nd period - Pavel Datsyuk wins face-off versus Nikolai Kulemin in Sharks zone.
4:28 of 2nd period - Snap shot by Martin Havlat.
4:28 of 2nd period - Goal by Martin Havlat - Sharks : 0 - Blue Jackets : 1.
4:29 of 2nd period - Jason Spezza wins face-off versus Pavel Datsyuk in neutral zone.
4:34 of 2nd period - Pavel Datsyuk is hit by Jiri Tlusty and loses puck.
5:34 of 2nd period - Maxim Kondratiev is hit by Peter Mueller and loses puck.
5:53 of 2nd period - Wrist shot by Milan Michalek.
5:53 of 2nd period - Deflect By Jiri Tlusty.
5:53 of 2nd period - Stopped by Rick DiPietro with a rebound.
6:46 of 2nd period - Slapshot by Nate Prosser.
6:46 of 2nd period - Stopped by Rick DiPietro with a rebound.
6:48 of 2nd period - Wrist shot by Jiri Tlusty.
6:48 of 2nd period - Goal by Jiri Tlusty - Sharks : 1 - Blue Jackets : 1.
6:49 of 2nd period - Jason Spezza wins face-off versus Pavel Datsyuk in neutral zone.
6:56 of 2nd period - Slapshot by Drew Doughty.
6:56 of 2nd period - Shot Blocked by Mike Lundin.
6:58 of 2nd period - Wrist shot by Jason Spezza.
6:58 of 2nd period - Stopped by Rick DiPietro with a rebound.
7:00 of 2nd period - Snap shot by Adam Larsson.
7:00 of 2nd period - Stopped by Rick DiPietro with a rebound.
7:17 of 2nd period - Minor Penalty to Nate Prosser for Tripping.
7:18 of 2nd period - Jason Spezza wins face-off versus Pavel Datsyuk in Sharks zone.
7:27 of 2nd period - Wrist shot by Max Pacioretty.
7:27 of 2nd period - Shot Hit the Post.
7:29 of 2nd period - Wrist shot by Pavel Datsyuk.
7:29 of 2nd period - Stopped by Tyler Weiman with a rebound.
7:31 of 2nd period - Slapshot by Pavel Datsyuk.
7:31 of 2nd period - Deflect By Max Pacioretty.
7:31 of 2nd period - Stopped by Tyler Weiman with a rebound.
7:33 of 2nd period - Wrist shot by Pavel Datsyuk.
7:33 of 2nd period - Shot Blocked by Drew Doughty.
7:35 of 2nd period - Slapshot by Mike Lundin.
7:35 of 2nd period - Deflect By Drew Doughty.
7:35 of 2nd period - Stopped by Tyler Weiman with a rebound.
7:53 of 2nd period - Andrej Sekera is hit by Brenden Morrow and loses puck.
8:54 of 2nd period - T.J. Hensick is hit by Pavel Datsyuk and loses puck.
9:17 of 2nd period - Penalty to Nate Prosser is over, Nate Prosser is back on ice.
9:43 of 2nd period - Slapshot by Jiri Hudler.
9:43 of 2nd period - Stopped by Rick DiPietro without a rebound.
9:44 of 2nd period - Luke Adam wins face-off versus Peter Mueller in Blue Jackets zone.
10:27 of 2nd period - Wrist shot by Mike Comrie.
10:27 of 2nd period - Stopped by Tyler Weiman with a rebound.
10:47 of 2nd period - Wrist shot by T.J. Hensick.
10:47 of 2nd period - Stopped by Rick DiPietro with a rebound.
11:28 of 2nd period - Jiri Tlusty is hit by Pavel Datsyuk and loses puck.
11:40 of 2nd period - Off-side.
11:41 of 2nd period - Peter Mueller wins face-off versus Luke Adam in neutral zone.
11:44 of 2nd period - Snap shot by Dennis Wideman.
11:44 of 2nd period - Stopped by Tyler Weiman with a rebound.
12:08 of 2nd period - Stefan Ruzicka is hit by Andreas Nodl and loses puck.
12:20 of 2nd period - Icing by Oskar Osala.
12:21 of 2nd period - T.J. Hensick wins face-off versus Pavel Datsyuk in Sharks zone.
12:23 of 2nd period - Icing by Jordan LaVallee.
12:24 of 2nd period - T.J. Hensick wins face-off versus Pavel Datsyuk in Sharks zone.
12:51 of 2nd period - Jiri Tlusty is hit by Mike Comrie and loses puck.
13:13 of 2nd period - Snap shot by Peter Mueller.
13:13 of 2nd period - Stopped by Tyler Weiman with a rebound.
13:15 of 2nd period - Wrist shot by Rostislav Olesz.
13:15 of 2nd period - Stopped by Tyler Weiman with a rebound.
13:17 of 2nd period - Snap shot by Tyler Kennedy.
13:17 of 2nd period - Stopped by Tyler Weiman with a rebound.
13:19 of 2nd period - Wrist shot by Rostislav Olesz.
13:19 of 2nd period - Stopped by Tyler Weiman without a rebound.
13:20 of 2nd period - Pavel Datsyuk wins face-off versus Luke Adam in Sharks zone.
13:37 of 2nd period - Slapshot by Mike Lundin.
13:37 of 2nd period - Stopped by Tyler Weiman without a rebound.
13:38 of 2nd period - Jason Spezza wins face-off versus Mike Comrie in Sharks zone.
13:38 of 2nd period - Jason Spezza is hit by Brenden Morrow.
13:44 of 2nd period - Mike Comrie is hit by Milan Michalek and loses puck.
13:49 of 2nd period - Snap shot by Jason Spezza.
13:49 of 2nd period - Stopped by Rick DiPietro without a rebound.
13:50 of 2nd period - Max Pacioretty wins face-off versus Jason Spezza in Blue Jackets zone.
14:07 of 2nd period - Slapshot by Pavel Datsyuk.
14:07 of 2nd period - Stopped by Tyler Weiman without a rebound.
14:08 of 2nd period - Mike Comrie wins face-off versus Luke Adam in Sharks zone.
14:17 of 2nd period - Snap shot by Brenden Morrow.
14:17 of 2nd period - Deflect By Andreas Nodl.
14:17 of 2nd period - Stopped by Tyler Weiman without a rebound.
14:18 of 2nd period - Mike Comrie wins face-off versus Luke Adam in Sharks zone.
14:39 of 2nd period - Backhand shot by Andreas Nodl.
14:39 of 2nd period - Stopped by Tyler Weiman without a rebound.
14:40 of 2nd period - Jason Spezza wins face-off versus Pavel Datsyuk in Sharks zone.
14:40 of 2nd period - Nate Prosser is hit by Kurtis Foster and loses puck.
15:01 of 2nd period - Minor Penalty to Pavel Datsyuk for Hooking.
15:02 of 2nd period - Rostislav Olesz wins face-off versus Jason Spezza in Blue Jackets zone.
15:13 of 2nd period - Slapshot by Drew Doughty.
15:13 of 2nd period - Stopped by Rick DiPietro without a rebound.
15:14 of 2nd period - Martin Havlat wins face-off versus Jason Spezza in Blue Jackets zone.
17:01 of 2nd period - Penalty to Pavel Datsyuk is over, Pavel Datsyuk is back on ice.
17:16 of 2nd period - Snap shot by Rob Schremp.
17:16 of 2nd period - Shot Misses the Net.
17:18 of 2nd period - Snap shot by Stefan Ruzicka.
17:18 of 2nd period - Shot Misses the Net.
18:48 of 2nd period - Snap shot by Tyler Kennedy.
18:48 of 2nd period - Shot Misses the Net.
19:00 of 2nd period - Milan Michalek is hit by Mike Comrie.
19:24 of 2nd period - Patrick O'Sullivan is hit by Darren Helm and loses puck.
19:33 of 2nd period - Minor Penalty to A.J Thelen for Roughing.
19:34 of 2nd period - Jason Spezza wins face-off versus Pavel Datsyuk in Blue Jackets zone.
19:59 of 2nd period - Icing by Drew Doughty.
Goals for this period are 1 for Sharks vs 1 for Blue Jackets.
Shots for this period are 11 for Sharks vs 17 for Blue Jackets.
3rd period
0:01 of 3rd period - Pavel Datsyuk wins face-off versus Jason Spezza in neutral zone.
0:26 of 3rd period - Dennis Wideman is hit by Nikolai Kulemin and loses puck.
1:33 of 3rd period - Penalty to A.J Thelen is over, A.J Thelen is back on ice.
1:42 of 3rd period - Wrist shot by Rostislav Olesz.
1:42 of 3rd period - Stopped by Tyler Weiman with a rebound.
2:06 of 3rd period - Minor Penalty to A.J Thelen for Boarding.
2:07 of 3rd period - Pavel Datsyuk wins face-off versus Jason Spezza in Blue Jackets zone.
4:06 of 3rd period - Penalty to A.J Thelen is over, A.J Thelen is back on ice.
4:29 of 3rd period - Andreas Nodl is hit by Jordan LaVallee and loses puck.
6:34 of 3rd period - Slapshot by Andreas Nodl.
6:34 of 3rd period - Deflect By Mike Comrie.
6:34 of 3rd period - Stopped by Tyler Weiman with a rebound.
6:42 of 3rd period - Andreas Nodl is hit by Nikolai Kulemin and loses puck.
7:49 of 3rd period - Peter Mueller is hit by Nikolai Kulemin and loses puck.
8:04 of 3rd period - Wrist shot by Kevin Porter.
8:04 of 3rd period - Shot Misses the Net.
8:29 of 3rd period - Kurtis Foster is hit by Nikolai Kulemin and loses puck.
8:46 of 3rd period - Snap shot by Peter Mueller.
8:46 of 3rd period - Stopped by Tyler Weiman without a rebound.
8:47 of 3rd period - Tyler Kennedy wins face-off versus Jiri Tlusty in Sharks zone.
8:56 of 3rd period - Snap shot by Tyler Kennedy.
8:56 of 3rd period - Stopped by Tyler Weiman with a rebound.
8:58 of 3rd period - Snap shot by Peter Mueller.
8:58 of 3rd period - Shot Blocked by Jiri Tlusty.
9:00 of 3rd period - Snap shot by Dennis Wideman.
9:00 of 3rd period - Deflect By Milan Michalek.
9:00 of 3rd period - Stopped by Tyler Weiman with a rebound.
9:10 of 3rd period - Drew Doughty is hit by Mike Comrie and loses puck.
10:23 of 3rd period - Snap shot by T.J. Hensick.
10:23 of 3rd period - Stopped by Rick DiPietro with a rebound.
10:34 of 3rd period - Icing by Pavel Datsyuk.
10:35 of 3rd period - Jason Spezza wins face-off versus Pavel Datsyuk in Blue Jackets zone.
10:36 of 3rd period - Wrist shot by Jiri Tlusty.
10:36 of 3rd period - Deflect By Martin Havlat.
10:36 of 3rd period - Stopped by Rick DiPietro without a rebound.
10:37 of 3rd period - Jason Spezza wins face-off versus Mike Comrie in Blue Jackets zone.
10:50 of 3rd period - Snap shot by Jason Spezza.
10:50 of 3rd period - Stopped by Rick DiPietro with a rebound.
10:52 of 3rd period - Slapshot by Milan Michalek.
10:52 of 3rd period - Stopped by Rick DiPietro without a rebound.
10:53 of 3rd period - Peter Mueller wins face-off versus Nikolai Kulemin in Blue Jackets zone.
11:39 of 3rd period - Slapshot by Drew Doughty.
11:39 of 3rd period - Stopped by Rick DiPietro without a rebound.
11:40 of 3rd period - Kevin Porter wins face-off versus Rob Schremp in Blue Jackets zone.
11:53 of 3rd period - Slapshot by Stefan Ruzicka.
11:53 of 3rd period - Deflect By Mike York.
11:53 of 3rd period - Shot Misses the Net.
11:53 of 3rd period - Puck is out of play.
11:54 of 3rd period - Jason Spezza wins face-off versus Mike Comrie in Blue Jackets zone.
12:43 of 3rd period - Off-side.
12:44 of 3rd period - Rob Schremp wins face-off versus Peter Mueller in neutral zone.
12:47 of 3rd period - Slapshot by Drew Doughty.
12:47 of 3rd period - Stopped by Rick DiPietro with a rebound.
12:49 of 3rd period - Wrist shot by Stefan Ruzicka.
12:49 of 3rd period - Stopped by Rick DiPietro with a rebound.
12:51 of 3rd period - Slapshot by Stefan Ruzicka.
12:51 of 3rd period - Deflect By Rob Schremp.
12:51 of 3rd period - Shot Misses the Net.
12:51 of 3rd period - Puck is out of play.
12:52 of 3rd period - Jason Spezza wins face-off versus Pavel Datsyuk in Blue Jackets zone.
13:05 of 3rd period - Slapshot by Milan Michalek.
13:05 of 3rd period - Stopped by Rick DiPietro with a rebound.
13:17 of 3rd period - Wrist shot by Andreas Nodl.
13:17 of 3rd period - Shot Misses the Net.
13:39 of 3rd period - Snap shot by Rostislav Olesz.
13:39 of 3rd period - Stopped by Tyler Weiman with a rebound.
13:57 of 3rd period - Slapshot by Branislav Mezei.
13:57 of 3rd period - Deflect By T.J. Hensick.
13:57 of 3rd period - Stopped by Tyler Weiman without a rebound.
13:58 of 3rd period - T.J. Hensick wins face-off versus Kevin Porter in Sharks zone.
14:15 of 3rd period - Mike Lundin is hit by T.J. Hensick and loses puck.
14:28 of 3rd period - Nate Prosser is hit by Mike York.
14:38 of 3rd period - Mike York is hit by Jordan LaVallee.
15:25 of 3rd period - Drew Doughty is hit by Kevin Porter and loses puck.
15:34 of 3rd period - Maxim Kondratiev is hit by Branislav Mezei and loses puck.
15:43 of 3rd period - Snap shot by Drew Doughty.
15:43 of 3rd period - Stopped by Rick DiPietro with a rebound.
15:45 of 3rd period - Backhand shot by Drew Doughty.
15:45 of 3rd period - Stopped by Rick DiPietro with a rebound.
16:21 of 3rd period - Slapshot by Drew Doughty.
16:21 of 3rd period - Shot Blocked by Branislav Mezei.
16:23 of 3rd period - Snap shot by T.J. Hensick.
16:23 of 3rd period - Stopped by Rick DiPietro without a rebound.
16:24 of 3rd period - Rob Schremp wins face-off versus Peter Mueller in Blue Jackets zone.
16:27 of 3rd period - Wrist shot by Stefan Ruzicka.
16:27 of 3rd period - Deflect By Rob Schremp.
16:27 of 3rd period - Shot Misses the Net.
16:27 of 3rd period - Puck is out of play.
16:28 of 3rd period - Tyler Kennedy wins face-off versus Rob Schremp in Blue Jackets zone.
17:19 of 3rd period - Snap shot by Luke Adam.
17:19 of 3rd period - Shot Misses the Net.
17:49 of 3rd period - Minor Penalty to Stefan Ruzicka for Holding.
17:50 of 3rd period - Jason Spezza wins face-off versus Mike Comrie in Sharks zone.
19:02 of 3rd period - Martin Havlat is hit by Adam Larsson and loses puck.
19:28 of 3rd period - Dennis Wideman is hit by Andrej Sekera.
19:49 of 3rd period - Penalty to Stefan Ruzicka is over, Stefan Ruzicka is back on ice.
Goals for this period are 0 for Sharks vs 0 for Blue Jackets.
Shots for this period are 11 for Sharks vs 7 for Blue Jackets.
Overtime #1
0:01 of 1st overtime period - Pavel Datsyuk wins face-off versus Jason Spezza in neutral zone.
0:03 of 1st overtime period - Off-side.
0:04 of 1st overtime period - Jason Spezza wins face-off versus Pavel Datsyuk in neutral zone.
0:09 of 1st overtime period - Backhand shot by Jason Spezza.
0:09 of 1st overtime period - Shot Misses the Net.
0:11 of 1st overtime period - Slapshot by Andrej Sekera.
0:11 of 1st overtime period - Stopped by Rick DiPietro without a rebound.
0:12 of 1st overtime period - Pavel Datsyuk wins face-off versus Jason Spezza in Blue Jackets zone.
1:09 of 1st overtime period - Wrist shot by Max Pacioretty.
1:09 of 1st overtime period - Stopped by Tyler Weiman with a rebound.
1:24 of 1st overtime period - Slapshot by Andrej Sekera.
1:24 of 1st overtime period - Stopped by Rick DiPietro without a rebound.
1:25 of 1st overtime period - Patrick O'Sullivan wins face-off versus Milan Michalek in Blue Jackets zone.
2:43 of 1st overtime period - Jason Spezza is hit by Branislav Mezei and loses puck.
2:54 of 1st overtime period - Kurtis Foster is hit by Jason Spezza and loses puck.
3:13 of 1st overtime period - Martin Havlat is hit by Luke Adam and loses puck.
3:24 of 1st overtime period - Snap shot by Rostislav Olesz.
3:24 of 1st overtime period - Deflect By Brenden Morrow.
3:24 of 1st overtime period - Shot Blocked by Andrej Sekera.
3:24 of 1st overtime period - Puck is out of play.
3:25 of 1st overtime period - Max Pacioretty wins face-off versus Oskar Osala in Sharks zone.
3:56 of 1st overtime period - Maxim Kondratiev is hit by Pavel Datsyuk and loses puck.
4:07 of 1st overtime period - Branislav Mezei is hit by Nate Prosser.
4:54 of 1st overtime period - Max Pacioretty is hit by Milan Michalek and loses puck.
Goals for this period are 0 for Sharks vs 0 for Blue Jackets.
Shots for this period are 2 for Sharks vs 1 for Blue Jackets.
ShootOut
5:00 of 1st overtime period - Round #1.
5:00 of 1st overtime period - Sharks, Jason Spezza.
5:00 of 1st overtime period - Backhand shot by Jason Spezza.
5:00 of 1st overtime period - Stopped by Rick DiPietro.
5:00 of 1st overtime period - Blue Jackets, Pavel Datsyuk.
5:00 of 1st overtime period - Snap shot by Pavel Datsyuk.
5:00 of 1st overtime period - Shot Misses the Net.
5:00 of 1st overtime period - Round #2.
5:00 of 1st overtime period - Sharks, Milan Michalek.
5:00 of 1st overtime period - Backhand shot by Milan Michalek.
5:00 of 1st overtime period - Goal by Milan Michalek.
5:00 of 1st overtime period - Blue Jackets, Martin Havlat.
5:00 of 1st overtime period - Wrist shot by Martin Havlat.
5:00 of 1st overtime period - Shot Misses the Net.
5:00 of 1st overtime period - Round #3.
5:00 of 1st overtime period - Sharks, Luke Adam.
5:00 of 1st overtime period - Deke by Luke Adam.
5:00 of 1st overtime period - Goal by Luke Adam.
Back to the Top